 Dungeon Crawl Stone Soup version 0.28-a0-535-g6f645e4c1d (webtiles) character file.

Game seed: 12551876443289088677

12 elite277 the Sneak (level 2, -2/24 HPs)
             Began as a Human Delver on Sept 26, 2021.
             Slain by a bullfrog skeleton (3 damage)
             ... on level 5 of the Dungeon.
             The game lasted 00:03:08 (265 turns).

elite277 the Sneak (Human Delver)                    Turns: 265, Time: 00:03:09

Health: -2/24      AC:  3    Str: 12    XL:     2   Next: 45%
Magic:  2/2        EV: 12    Int: 10    God:
Gold:   0          SH:  0    Dex: 14    Spells: 1/1 levels left

rFire   . . .      SeeInvis .   a - +0 falchion
rCold   . . .      Faith    .   (no shield)
rNeg    . . .      Spirit   .   b - +0 leather armour
rPois   .          Reflect  .   (no helmet)
rElec   .          Harm     .   (no cloak)
rCorr   .          Rampage  .   (no gloves)
Will    .....                   (no boots)
Stlth   +++.......              (no amulet)
HPRegen 0.08/turn               (no ring)
MPRegen 0.08/turn               (no ring)

@: no status effects
A: no striking features
a: no special abilities


You were on level 5 of the Dungeon.
You visited 1 branch of the dungeon, and saw 1 of its levels.

Inventory:

Hand Weapons
 a - a +0 falchion (weapon)
Missiles
 h - 23 bolts
Armour
 b - a +0 leather armour (worn)
 i - a +0 ring mail
Wands
 g - a wand of digging (2)
Scrolls
 e - a scroll of fear
Potions
 f - a potion of haste


   Skills:
 + Level 3.1 Fighting
 + Level 2.1 Long Blades
 + Level 0.1 Armour
 + Level 2.0 Dodging
 + Level 5.3 Stealth


You had one spell level left.
You didn't know any spells.
Your spell library was empty.

Dungeon Overview and Level Annotations

Branches:
Dungeon (5/15)
 Temple: D:4-7

Altars:
Hepliaklqana


Message History

The bullfrog skeleton is lightly damaged.
The bullfrog skeleton hits you but does no damage.
i - a +0 ring mail The bullfrog skeleton hits you but does no damage.
You hit the bullfrog skeleton.
The bullfrog skeleton is moderately damaged.
The bullfrog skeleton hits you. x2
The bullfrog skeleton barely misses you.
The bullfrog skeleton hits you.
You hit the bullfrog skeleton.
The bullfrog skeleton is moderately damaged.
The bullfrog skeleton hits you.
The bullfrog skeleton closely misses you.
You hear the hiss of a very distant avalanche of sand.
The bullfrog skeleton closely misses you.
The bullfrog skeleton hits you.
* * * LOW HITPOINT WARNING * * *
Unknown command.
Hit: a) +0 falchion
Press: ? - help, Dir - move target, f - bullfrog skeleton
Aim: a bullfrog skeleton (moderately damaged, about 21% to evade your +0 falchion)
Okay, then.
As you read the scroll of fog, it crumbles to dust.
The scroll dissolves into smoke.
The bullfrog skeleton misses you. The bullfrog skeleton misses you.
The bullfrog skeleton hits you.
* * * LOW HITPOINT WARNING * * *
You can't see any enemies this would affect, really read the scroll of fear? [Y]es or [N]o only, please.
You can't see any enemies this would affect, really read the scroll of fear?
Okay, then.
As you read the scroll of magic mapping, it crumbles to dust.
You feel aware of your surroundings.
You sensed 2 altars, and 1 shop/portal.
The bullfrog skeleton hits you.
* * * LOW HITPOINT WARNING * * *
The bullfrog skeleton misses you.
You barely miss the bullfrog skeleton.
The bullfrog skeleton is moderately damaged.
The bullfrog skeleton hits you.
You die...

********** #,*###..###
*,,,,,,,,* #.##...)..#
*,******,* #.......#.#
*,* ###*,######.......
*,* #..,,..........#.#
*,*##.##,*#####...####
*,,,...,,* ##.##
****#.#*** #.# #@# #.#
#Z# ##'## #.# ##...#*
#.## ##.###.## #§.##
##).'_#..##
##§§§####...###...#
#§§§§§.,+.........+
##§§§#**#.........#
#§§§# ###.......##


You could see a bullfrog skeleton.

Vanquished Creatures
  A hound skeleton (D:5)
1 creature vanquished.

Notes
Turn   | Place    | Note
-------+----------+-------------------------------------------
     0 | D:5      | elite277 the Human Delver began the quest for the Orb.
     0 | D:5      | Reached XP level 1. HP: 18/18 MP: 1/1
     5 | D:5      | Found a hazy altar of Hepliaklqana.
    64 | D:5      | Reached XP level 2. HP: 8/24 MP: 2/2
   262 | D:5      | HP: 1/24 [bullfrog skeleton (2)]
   265 | D:5      | Slain by a bullfrog skeleton

Illustrated notes

Levels and vault maps discovered:
D:5:      layout_loops_corners, mainiacjoe_overflow_alcove_2, kennysheep_mini,
          fedhas_bush_and_centaur_altar, enter_ossuary_2,
          amcnicky_mini_corridor_feature, sigmund_army, uniq_edmund

Action                   || total
-------------------------++-------
Melee: Falchion          ||    16
Evoke: Wand              ||     1
  Use: Scroll            ||     2
Armor: Leather armour    ||     7
Dodge: Dodged            ||    19

Table legend: (Time is in decaauts)
 A = Elapsed time spent in this place.
 B = Non-inter-level travel time spent in this place.
 C = Inter-level travel time spent in this place.
 D = Time resting spent in this place.
 E = Time spent auto-exploring this place.
 F = Levels seen in this place.
 G = Mean time per level.
                   A        B        C        D        E       F      G
               +--------+--------+--------+--------+--------+-----+--------+
         Total |    268 |    268 |      0 |     99 |      0 |   1 |  268.0 |
       Dungeon |    268 |    268 |      0 |     99 |      0 |   1 |  268.0 |
               +--------+--------+--------+--------+--------+-----+--------+

Top non-repeatable levels by time:
     D:5: 268 daAuts
